 Dungeon Crawl Stone Soup version 0.27.1-34-g3ba077fa99 (webtiles) character file.

Game seed: 17787478875907175767

378 vvl the Covered (level 6, 0/49 HPs)
             Began as a Barachi Fighter on Jan 20, 2022.
             Slain by Blork the orc (10 damage)
             ... on level 4 of the Dungeon.
             The game lasted 00:06:30 (4425 turns).

vvl the Covered (Barachi Fighter)                   Turns: 4425, Time: 00:06:30

Health: 0/49       AC:  8    Str: 20    XL:     6   Next: 74%
Magic:  8/8        EV:  8    Int:  8    God:
Gold:   159        SH:  9    Dex: 11    Spells: 8/8 levels left

rFire    . . .     SeeInvis .   k - +0 dagger (venom)
rCold    . . .     Faith    .   c - +0 kite shield
rNeg     . . .     Spirit   .   b - +0 scale mail
rPois    .         Reflect  .   h - +0 helmet
rElec    .         Harm     .   (no cloak)
rCorr    .         Rampage  .   (no gloves)
Will     .....                  (no boots)
Stlth    ..........             (no amulet)
HPRegen  0.16/turn              (no ring)
MPRegen  0.11/turn              (no ring)

@: slow
A: amphibious, slowness 1, strong legs 1, +LOS
a: Hop


You were on level 4 of the Dungeon.
You visited 1 branch of the dungeon, and saw 4 of its levels.

You collected 159 gold pieces.

Inventory:

Hand Weapons
 a - a +0 long sword
 i - a +3 short sword of speed
 k - a +0 dagger of venom (weapon)
Armour
 b - a +0 scale mail (worn)
 c - a +0 kite shield (worn)
 h - a +0 helmet (worn)
Jewellery
 s - a ring of flight
Wands
 l - a wand of mindburst (9)
 q - a wand of flame (21)
Scrolls
 f - 6 scrolls of identify {unknown}
 g - 2 scrolls of teleportation {unknown}
 j - 2 scrolls of amnesia {unknown}
 n - a scroll of fog {unknown}
 p - 2 scrolls of fear {unknown}
Potions
 d - a potion of might
 e - a potion of curing {unknown}
 m - a potion of attraction {unknown}
 o - a potion of brilliance {unknown}
 r - a potion of heal wounds {unknown}


   Skills:
 + Level 4.5 Fighting
 + Level 3.6 Long Blades
 + Level 4.5 Armour
 + Level 1.7 Dodging
 + Level 4.1 Shields
 + Level 1.7 Spellcasting
 + Level 2.1 Conjurations
 + Level 1.5 Ice Magic
 + Level 1.6 Air Magic
 + Level 2.0 Evocations


You had 8 spell levels left.
You didn't know any spells.
Your spell library contained the following spells:

 Spells                   Type           Power      Damage    Failure   Level
 Static Discharge         Conj/Air       3%         N/A       96%         2
 Freezing Cloud           Conj/Ice/Air   1%         6-21      100%        5
 Lightning Bolt           Conj/Air       1%         1d12      100%        5
 Simulacrum               Ice/Necr       0%         N/A       100%        6
 Maxwell's Capacitive Co  Air            1%         ∞         100%        8
 Polar Vortex             Ice            1%         N/A       100%        9


Dungeon Overview and Level Annotations

Branches:
Dungeon (4/15)
 Temple: D:4-7

Altars:
Ashenzari
Vehumet

Shops:
D:2 [

Annotations:
D:4 Blork the orc


Innate Abilities, Weirdness & Mutations

You are amphibious.
You cover ground slowly.
You can hop short distances.
You have an extended range of vision and can be seen from far away.


Message History

q - a wand of flame (21) (gained 19 charges)
You now have 159 gold pieces (gained 11).
Found a stone staircase leading up.
There is a stone staircase leading up here.
An orc comes into view. It is wielding a +0 flail.
Found a ring mail.
The orc shouts!
You hear a shout!
An orc is nearby!
You hit the orc.
The orc is poisoned.
The orc is moderately wounded.
Blork the orc comes into view.
He is wielding a +5 dire flail of protection.
The orc closely misses you.
You closely miss the orc.
The orc is moderately wounded.
Blork the orc mumbles some strange words.
Blork the orc seems to speed up.
You block the orc's attack.
You hit the orc but do no damage.
The orc looks as sick as possible!
The orc is heavily wounded.
The orc barely misses you.
You hit the orc.
You kill the orc!
Blork the orc screams, "I'll break your legs!"
You hit Blork the orc but do no damage.
Blork the orc is poisoned.
Blork the orc gestures at you while chanting.
The magic dart hits you.
You barely miss Blork the orc. You block Blork the orc's attack.
Blork the orc hits you with a +5 dire flail of protection!
You closely miss Blork the orc.
Blork the orc is lightly wounded.
Blork the orc hits you with a +5 dire flail of protection! x2
* * * LOW HITPOINT WARNING * * *
You are too injured to fight recklessly!
You are too injured to fight recklessly!
You are too injured to fight recklessly!
You are too injured to fight recklessly!
You hit Blork the orc but do no damage.
Blork the orc looks as sick as possible!
Blork the orc is lightly wounded.
Blork the orc hits you with a +5 dire flail of protection!
You die...

######## #####.......
##############...........
.................<.......
..................####..#
.........########## ##..
########.# ##.#######.
#@# ##......# #. #.o..#
#.......###. .......#
#.......##.. ..........#
#........#.. .≈....≈...#
#..........# .........##
#.........## ...≈≈.....
##..).....# ...≈≈.....
#...(...## ......[...
#.......#


You could see Blork the orc (fast, extremely poisoned).

Vanquished Creatures
  A necrophage (D:4)
  2 scorpions
  Ijyb (D:4)
  Robin (D:2)
  A gnoll (D:1)
  2 adders
  A worm (D:2)
  3 dart slugs
  4 orcs
  12 endoplasms
  5 giant cockroaches
  17 goblins
  8 hobgoblins
  3 quokkas (D:1)
  11 ball pythons
  6 bats
  5 frilled lizards
  4 kobolds
  4 rats
91 creatures vanquished.

Notes
Turn   | Place    | Note
-------+----------+-------------------------------------------
     0 | D:1      | vvl the Barachi Fighter began the quest for the Orb.
     0 | D:1      | Reached XP level 1. HP: 18/18 MP: 1/1
   204 | D:1      | Reached XP level 2. HP: 23/25 MP: 2/2
   486 | D:1      | Found a faded altar of an unknown god.
   494 | D:1      | Reached XP level 3. HP: 7/30 MP: 2/4
  1265 | D:2      | Reached skill level 1 in Evocations
  1517 | D:2      | Found a radiant altar of Vehumet.
  1671 | D:2      | Reached skill level 1 in Conjurations
  1671 | D:2      | Reached XP level 4. HP: 33/37 MP: 5/5
  1672 | D:2      | Noticed Robin
  1682 | D:2      | Reached skill level 1 in Spellcasting
  1698 | D:2      | Killed Robin
  1958 | D:2      | Found Ebreyce's Antique Armour Shop.
  2316 | D:3      | Noticed a scorpion
  2323 | D:3      | Killed a scorpion
  2324 | D:3      | Reached skill level 1 in Dodging
  2324 | D:3      | Reached skill level 1 in Air Magic
  2324 | D:3      | Reached XP level 5. HP: 41/42 MP: 6/6
  3037 | D:3      | Reached skill level 1 in Ice Magic
  3594 | D:4      | Noticed a necrophage
  3630 | D:4      | Killed a necrophage
  3631 | D:4      | Reached XP level 6. HP: 16/49 MP: 6/8
  3842 | D:4      | Noticed Ijyb
  3878 | D:4      | Killed Ijyb
  4219 | D:4      | Found a broken altar of Ashenzari.
  4418 | D:4      | Noticed Blork the orc
  4425 | D:4      | Slain by Blork the orc

Illustrated notes

Levels and vault maps discovered:
D:1:      dpeg_arrival_round_b, layout_basic,
          hellmonk_ecumenical_altar_pennies_from_heaven
D:2:      layout_loops_corners, serial_shops, nicolae_shop_statue_plus,
          basic_altar, uniq_robin
D:3:      minmay_chambers_of_threes, layout_loops_corners
D:4:      layout_cave_pods, mainiacjoe_overflow_boulevard, skrybe_limestone_x,
          kennysheep_small_square, uniq_blork_the_orc, uniq_ijyb

Skill      XL: |  1  2  3  4  5  6 |
---------------+-------------------+-----
Evocations     | 1 2 |  2.0
Conjurations   | 1 2 |  2.1
Fighting       | 4 |  4.5
Long Blades    | 3 |  3.6
Spellcasting   | 1 |  1.7
Armour         | 4 |  4.5
Dodging        | 1 |  1.7
Air Magic      | 1 |  1.6
Ice Magic      | 1 |  1.5
Shields        | 4 |  4.1

Action                   |  1- 3 |  4- 6 || total
-------------------------+-------+-------++-------
Melee: Long sword        |    63 |    23 ||    86
       Short sword       |    22 |    26 ||    48
       Dagger            |       |   182 ||   182
Armor: Scale mail        |    41 |    94 ||   135
Dodge: Dodged            |    22 |    65 ||    87
Block: Kite shield       |    41 |   113 ||   154
       Rpst.: Long sword |     5 |     3 ||     8
